 Dungeon Crawl Stone Soup version 0.15-a0-1253-g15b4f57 (webtiles) character file.

115 MDvedh the Cudgeler (level 4, 0/35 HPs)
             Began as a Demonspawn Berserker on June 4, 2014.
             Was a Priest of Trog.
             Succumbed to an orc wizard's poison
             ... on Level 3 of the Dungeon.
             The game lasted 00:03:33 (1537 turns).

MDvedh the Cudgeler (Demonspawn Berserker)          Turns: 1537, Time: 00:03:33

HP   0/35        AC  7     Str 18      XL: 4   Next: 68%
MP   4/4         EV  8     Int  8      God: Trog [***...]
Gold 125         SH  0     Dex 13      Spells:  0 memorised,  3 levels left

rFire  . . .     SeeInvis .     a - +0 mace
rCold  . . .     Clarity  .     l - +0 scale mail
rNeg   . . .     rCorr    .     (no shield)
rPois  .         rRot     .     (no helmet)
rElec  .         Spirit   .     (no cloak)
SustAb .         Warding  .     (no gloves)
rMut   .         Stasis   .     k - +0 pair of boots
Gourm  .                        (no amulet)
MR     ++...                    (no ring)
                                (no ring)

@: lethally poisoned, exhausted, regenerating, slowed, very slow, very resistant
to hostile enchantments, extremely unstealthy
A: claws 2
a: Burn Spellbooks, Berserk, Trog's Hand, Renounce Religion


You were on level 3 of the Dungeon.
You worshipped Trog.
Trog was most pleased with you.
You were very hungry.

You visited 1 branch of the dungeon, and saw 3 of its levels.

You collected 125 gold pieces.

Inventory:

Hand weapons
 a - a +0,+0 mace (weapon)
Armour
 k - a +0 pair of boots (worn)
 l - a +0 scale mail (worn)
Comestibles
 c - 3 bread rations
 h - a slice of pizza
 i - 4 meat rations
 n - a chunk of goblin flesh
Scrolls
 b - a scroll of random uselessness {unknown}
 d - a scroll of teleportation {unknown}
 f - a scroll of recharging {unknown}
 m - a scroll of identify {unknown}
 o - a scroll of immolation {unknown}
 p - a scroll of magic mapping {unknown}
Potions
 e - a potion of heal wounds {unknown}
 g - a potion of brilliance {unknown}
 j - a potion of curing


   Skills:
 - Level 3.0 Fighting
 + Level 5.0 Maces & Flails
 - Level 1.7 Armour
 - Level 1.7 Dodging


You had 3 spell levels left.
You didn't know any spells.

Dungeon Overview and Level Annotations

Branches:
Dungeon (3/15)

Altars:


Innate Abilities, Weirdness & Mutations

You have very sharp fingernails.


Message History

Deactivating autopickup; reactivate with Ctrl-A.
You miss something.
You hear some strange, mumbled words.
The puff of flame hits you!
You hear some strange, mumbled words.
The puff of flame misses you.
You miss something. Something hits you.
You are poisoned.
You hear some strange, mumbled words.
The puff of flame hits you!
* * * LOW HITPOINT WARNING * * *
You feel sick. Something hits you but does no damage.
You are more poisoned.
You feel sick. Something hits you but does no damage.
You are more poisoned.
You hear some strange, mumbled words.
The puff of flame hits you!
* * * LOW HITPOINT WARNING * * *
You thump something!
You die...

o................# #.#
.........g.......# #.#
..o.....[.......# ###.###
.......!........# #.#...###
########'#.###### #.......#
......)g.....# #.###.#.#
..............# #...#.#.#
..............########.#.#.#
.########.>...@.......[#.#.#
###...##########.#.# #...#
#.#.# #...# #...# #...# ####
#...# #####


You could see a hobgoblin.

Vanquished Creatures
  Jessica (D:2)
  An adder (D:2)
  A worm (D:2)
  An ooze (D:3)
  A ball python (D:1)
  6 giant cockroaches
  9 goblins
  8 hobgoblins
  11 jackals
  5 kobolds
  6 bats
  4 giant newts (D:2)
  3 rats (D:2)
57 creatures vanquished.

Vanquished Creatures (others)
  An orc wizard (D:3)
1 creature vanquished.

Grand Total: 58 creatures vanquished

Notes
Turn   | Place    | Note
--------------------------------------------------------------
     0 | D:1      | MDvedh, the Demonspawn Berserker, began the quest for the Orb.
     0 | D:1      | Reached XP level 1. HP: 18/18 MP: 1/1
   196 | D:1      | Gained mutation: You have sharp fingernails. [demonic ancestry]
   196 | D:1      | Reached XP level 2. HP: 24/24 MP: 2/2
   405 | D:1      | Acquired Trog's second power
   696 | D:1      | Gained mutation: You have very sharp fingernails. [demonic ancestry]
   696 | D:1      | Reached XP level 3. HP: 29/29 MP: 3/3
   721 | D:2      | Noticed Jessica
   724 | D:2      | Killed Jessica
   724 | D:2      | Reached skill level 4 in Maces & Flails
   933 | D:2      | Reached XP level 4. HP: 35/35 MP: 4/4
  1526 | D:3      | Reached skill level 5 in Maces & Flails
  1536 | D:3      | HP: 1/35 [something/puff of flame (10)]
  1537 | D:3      | Succumbed to an orc wizard's poison

Action                   |  1- 3 |  4- 6 || total
-------------------------+-------+-------++-------
Melee: Mace              |    97 |    89 ||   186
Invok: Berserk           |     2 |     1 ||     3
       Burn Spellbooks   |     1 |       ||     1
       Trog's Hand       |       |     1 ||     1
  Use: Potion            |       |     1 ||     1
